 Dungeon Crawl Stone Soup version 0.21.1-1-g345015f (webtiles) character file.

340 diana the Twirler (level 6, -4/38 HPs)
             Began as a Tengu Gladiator on June 5, 2018.
             Splashed by Ijyb's acid (13 damage)
             ... on level 3 of the Dungeon.
             The game lasted 00:03:52 (2741 turns).

diana the Twirler (Tengu Gladiator)                 Turns: 2741, Time: 00:03:53

Health: -4/38      AC:  0    Str: 15    XL:     6   Next: 56%
Magic:  7/7        EV: 13    Int:  8    God:
Gold:   78         SH:  0    Dex: 17    Spells: 5/5 levels left

rFire    . . .     SeeInvis .   a - +0 quarterstaff
rCold    . . .     Gourm    .   (shield currently unavailable)
rNeg     . . .     Faith    .   b - +0 leather armour
rPois    .         Spirit   .   c - +0 hat
rElec    .         Reflect  .   (no cloak)
rCorr    .         Harm     .   (no gloves)
MR       .....                  (boots unavailable)
Stlth    +.........             (no amulet)
HPRegen  0.12/turn              (no ring)
MPRegen  0.10/turn              (no ring)

@: corroded
A: beak, talons 3, able to fly 1
a: Fly


You were on level 3 of the Dungeon.
You were not hungry.

You visited 1 branch of the dungeon, and saw 3 of its levels.

You collected 78 gold pieces.

Inventory:

Hand Weapons
 a - a +0 quarterstaff (weapon)
Missiles
 d - 3 throwing nets (quivered)
Armour
 b - a +0 leather armour (worn)
 c - a +0 hat (worn)
Jewellery
 p - an uncursed ring of resist corrosion {unknown}
Scrolls
 h - a scroll of blinking {unknown}
 i - 2 scrolls of remove curse {unknown}
 j - 3 scrolls of identify {unknown}
 l - a scroll of fear {unknown}
 m - a scroll of immolation {unknown}
 o - a scroll of amnesia {unknown}
Potions
 e - 2 potions of brilliance {unknown}
 g - 3 potions of curing {unknown}
 k - a potion of might {unknown}
 n - a potion of cancellation {unknown}
Comestibles
 f - 3 rations


   Skills:
 + Level 4.0 Fighting
 * Level 6.7 Staves
 - Level 2.0 Throwing
 - Level 0.2 Armour
 - Level 3.2 Dodging


You had 5 spell levels left.
You didn't know any spells.

Dungeon Overview and Level Annotations

Branches:
Dungeon (3/15)

Altars:

Annotations:
D:3 Cazzumz's ghost, amateur DrBe; Ijyb


Innate Abilities, Weirdness & Mutations

You have a beak for a mouth.
You have claws for feet.
You can fly.


Message History

Ijyb is lightly wounded.
Ijyb completely misses you.
You hit Ijyb but do no damage. Your peck misses Ijyb.
Ijyb is lightly wounded.
The orc moves out of view.
Ijyb hits you but does no damage.
A goblin comes into view.
You hit Ijyb. You claw Ijyb, but do no damage. Your peck misses Ijyb.
Ijyb is moderately wounded.
Ijyb barely misses you.
You barely miss Ijyb. You claw Ijyb, but do no damage.
You peck Ijyb, but do no damage.
Ijyb is moderately wounded.
Ijyb zaps a wand.
The bolt of acid misses you.
It is a wand of acid (7).
You hit Ijyb but do no damage. You peck Ijyb.
Ijyb is heavily wounded.
Ijyb zaps a wand.
The bolt of acid hits you!
Ouch! That really hurt!
* * * LOW HITPOINT WARNING * * *
The acid corrodes you!
You are splashed with acid!
The acid burns!
You die...

#.)......##.##
#.......[....#
#.....##...#.....
#.....####.######.
####### #........
#.######.#
###.#.......
#.....###
#.###..@# #$.
###)ghhhg.. ...
#####lo.. #### ..


You could see Ijyb, an orc, a leopard gecko, 3 jackals and a goblin.

Vanquished Creatures
  Sigmund (D:2)
  An orc wizard (D:3)
  Jessica (D:2)
  Terence (D:2)
  4 gnolls
  2 adders
  2 leopard geckos
  4 orcs (D:3)
  A giant cockroach (D:1)
  5 goblins
  6 hobgoblins
  2 jackals (D:1)
  8 bats
  A frilled lizard (D:2)
  5 kobolds (D:1)
  3 rats (D:1)
47 creatures vanquished.

Notes
Turn   | Place    | Note
-------+----------+-------------------------------------------
     0 | D:1      | diana the Tengu Gladiator began the quest for the Orb.
     0 | D:1      | Reached XP level 1. HP: 12/12 MP: 2/2
   178 | D:1      | Reached XP level 2. HP: 15/17 MP: 3/3
   288 | D:1      | Reached skill level 4 in Staves
   704 | D:1      | Reached XP level 3. HP: 21/21 MP: 4/4
  1047 | D:2      | Noticed Jessica
  1051 | D:2      | Killed Jessica
  1129 | D:2      | Reached XP level 4. HP: 24/27 MP: 5/5
  1306 | D:2      | Noticed Terence
  1313 | D:2      | Killed Terence
  1313 | D:2      | Reached skill level 5 in Staves
  1398 | D:2      | Noticed Sigmund
  1408 | D:2      | Killed Sigmund
  1408 | D:2      | Reached skill level 6 in Staves
  1408 | D:2      | Gained mutation: You can fly. [Tengu growth]
  1408 | D:2      | Reached XP level 5. HP: 17/33 MP: 6/6
  1408 | D:2      | Reached XP level 6. HP: 19/38 MP: 7/7
  2188 | D:3      | Noticed Cazzumz's ghost (amateur DrBe)
  2730 | D:3      | Noticed Ijyb
  2741 | D:3      | Splashed by Ijyb's acid

Skill      XL: |  1  2  3  4  5  6 |
---------------+-------------------+-----
Staves         | 4 6 |  6.7
Fighting       | 3 4 |  4.0
Throwing       | |  2.0
Armour         | |  0.2
Dodging        | |  3.2

Action                   |  1- 3 |  4- 6 || total
-------------------------+-------+-------++-------
Melee: Quarterstaff      |    55 |    62 ||   117
       Kick              |    12 |    21 ||    33
       Peck              |     6 |     8 ||    14
  Eat: Chunk             |       |     3 ||     3
       Ration            |       |     1 ||     1
Armor: Leather armour    |    18 |    13 ||    31
Dodge: Dodged            |    39 |    45 ||    84
